 Dungeon Crawl Stone Soup version 0.26-a0-1033-gd598b01645 (webtiles) character file.

Game seed: 1252034728247973813

51 timneilson the Shield-Bearer (level 3, -2/23 HPs)
             Began as a Gargoyle Fighter on Dec 11, 2020.
             Slain by an ogre
             ... wielding a +0 giant club
              (23 damage)
             ... on level 2 of the Dungeon.
             The game lasted 00:01:13 (974 turns).

timneilson the Shield-Bearer (Gargoyle Fighter)      Turns: 974, Time: 00:01:14

Health: -2/23      AC: 10    Str: 20    XL:     3   Next: 83%
Magic:  3/3        EV:  7    Int:  8    God:
Gold:   85         SH:  9    Dex:  9    Spells: 2/2 levels left

rFire    . . .     SeeInvis .   a - +0 long sword
rCold    . . .     Faith    .   c - +0 kite shield
rNeg     + . .     Spirit   .   b - +0 scale mail
rPois    ∞         Reflect  .   (no helmet)
rElec    +         Harm     .   (no cloak)
rCorr    .         Rampage  .   (no gloves)
Will     .....                  (no boots)
Stlth    ..........             (no amulet)
HPRegen  0.07/turn              (no ring)
MPRegen  0.08/turn              (no ring)

@: no status effects
A: negative energy resistance 1, electricity resistance, unbreathing,
petrification resistance, rot immunity, AC +3
a: no special abilities


You were on level 2 of the Dungeon.
You visited 1 branch of the dungeon, and saw 2 of its levels.

You collected 85 gold pieces.

Inventory:

Hand Weapons
 a - a +0 long sword (weapon)
Armour
 b - a +0 scale mail (worn)
 c - a +0 kite shield (worn)
Potions
 d - a potion of might
 e - a potion of invisibility {unknown}
 f - a potion of flight {unknown}
 g - a potion of cancellation {unknown}
 h - a potion of haste {unknown}


   Skills:
 + Level 3.5 Fighting
 * Level 2.5 Long Blades
 * Level 3.8 Armour
 * Level 3.9 Shields


You had 2 spell levels left.
You didn't know any spells.
Your spell library was empty.

Dungeon Overview and Level Annotations

Branches:
Dungeon (2/15)

Altars:


Innate Abilities, Weirdness & Mutations

You are resistant to torment.
Your stone body is resilient. (AC +3)
You are immune to poison.
You resist negative energy. (rN+)
You are resistant to electric shocks. (rElec)
You can survive without breathing.
You are immune to petrification.
You are immune to rotting.


Message History

The rat is heavily wounded.
The rat completely misses you.
You riposte.
You barely miss the rat.
The rat is heavily wounded.
You block the rat's attack.
Your shield prevents you from hitting the rat.
The rat is heavily wounded.
The rat barely misses you.
You hit the rat but do no damage.
The rat is heavily wounded.
The rat bites you but does no damage. The worm bites you.
You slash the rat!
You kill the rat!
You hit the ogre.
The ogre is lightly wounded.
You block the ogre's attack. You block the worm's attack.
You slash the ogre!
The ogre is moderately wounded.
The ogre hits you with a +0 giant club!!
Ouch! That really hurt!
You die...

#....###.#.#
##....###.#.#
..........#####
#######..........
.............###.
##...##.####.#
###.#.##.### .#
#..........# .#
.###..@##.# #
##wO# .# ##K. #
...# ..## ..## .#
##


You could see an ogre, a worm and a kobold.

Vanquished Creatures
  An adder (D:2)
  A dart slug (D:1)
  A leopard gecko (D:1)
  3 bats (D:1)
  2 giant cockroaches (D:1)
  8 goblins (D:1)
  4 hobgoblins (D:1)
  3 frilled lizards
  9 kobolds
  6 rats
38 creatures vanquished.

Notes
Turn   | Place    | Note
-------+----------+-------------------------------------------
     0 | D:1      | timneilson the Gargoyle Fighter began the quest for the
                  | Orb.
     0 | D:1      | Reached XP level 1. HP: 14/14 MP: 1/1
    24 | D:1      | Reached XP level 2. HP: 13/19 MP: 2/2
   302 | D:1      | Reached XP level 3. HP: 23/23 MP: 3/3
   828 | D:2      | Found a faded altar of an unknown god.
   968 | D:2      | Noticed an ogre
   974 | D:2      | Slain by an ogre

Illustrated notes

Levels and vault maps discovered:
D:1:      dpeg_arrival_long_road, layout_rooms, minmay_misc_feat_rugged
D:2:      layout_basic, lemuel_crystal_altar, chequers_ecumenical_altar_island,
          minmay_cupped, uniq_natasha, uniq_robin

Skill      XL: |  1 |
---------------+----+-----
Long Blades    | 2 |  2.5
Fighting       | |  3.5
Armour         | |  3.8
Shields        | |  3.9

Action                   || total
-------------------------++-------
Melee: Long sword        ||   113
  Use: Scroll            ||     1
Armor: Scale mail        ||    66
Dodge: Dodged            ||    34
Block: Kite shield       ||    73
       Rpst.: Long sword ||     9

Table legend: (Time is in decaauts)
 A = Elapsed time spent in this place.
 B = Non-inter-level travel time spent in this place.
 C = Inter-level travel time spent in this place.
 D = Time resting spent in this place.
 E = Time spent auto-exploring this place.
 F = Levels seen in this place.
 G = Mean time per level.
                   A        B        C        D        E       F      G
               +--------+--------+--------+--------+--------+-----+--------+
         Total |   1018 |   1001 |     17 |      0 |    748 |   2 |  509.0 |
       Dungeon |   1018 |   1001 |     17 |      0 |    748 |   2 |  509.0 |
               +--------+--------+--------+--------+--------+-----+--------+

Top non-repeatable levels by time:
     D:1: 831 daAuts
     D:2: 187 daAuts
